 Dungeon Crawl Stone Soup version 0.19.5 (webtiles) character file.

15820 ghjk the Severer (level 12, -5/107 HPs)
             Began as a Minotaur Fighter on Apr 30, 2017.
             Was the Champion of Okawaru.
             Slain by a catoblepas (23 damage)
             ... on level 13 of the Dungeon.
             The game lasted 00:19:10 (10741 turns).

ghjk the Severer (Minotaur Fighter)                Turns: 10741, Time: 00:19:10

Health: -5/107     AC: 19    Str: 25    XL:     12   Next: 4%
Magic:  11/11      EV:  8    Int:  5    God:    Okawaru [******]
Gold:   364        SH:  5    Dex: 13    Spells: 0 memorised, 11 levels left

rFire  + + .     SeeInvis .     x - +3 war axe
rCold  + . .     Gourm    .     B - +0 plate armour "Riemoj" {rPois rF+ Dex+2 Slay+3}
rNeg   . . .     Faith    .     (no shield)
rPois  +         Spirit   .     I - +2 hat
rElec  .         Reflect  +     m - +1 cloak
rCorr  .         Harm     .     (no gloves)
MR     .....                    (no boots)
Stlth  ..........               O - +5 amulet of reflection
                                N - ring of protection from cold
                                n - ring of protection from fire

@: no status effects
A: retaliatory headbutt, horns 2
a: Heroism, Finesse, Renounce Religion


You were on level 13 of the Dungeon.
You worshipped Okawaru.
Okawaru was exalted by your worship.
You were hungry.

You visited 2 branches of the dungeon, and saw 14 of its levels.
You also visited: Ossuary.

You collected 672 gold pieces.
You spent 308 gold pieces at shops.

Inventory:

Hand Weapons
 x - a +3 war axe (weapon)
 K - a +3 battleaxe
Armour
 b - a +0 scale mail
 c - a +0 shield
 g - a +0 chain mail
 m - a +1 cloak (worn)
 B - the +0 plate armour "Riemoj" (worn) {rPois rF+ Dex+2 Slay+3}
   (You found it on level 5 of the Dungeon)

   It affects your dexterity (+2).
   It affects your accuracy and damage with ranged weapons and melee attacks
   (+3).
   It protects you from fire.
   It protects you from poison.
 I - a +2 hat (worn)
Jewellery
 n - a ring of protection from fire (left hand)
 s - an uncursed ring of protection from fire
 N - a ring of protection from cold (right hand)
 O - a +5 amulet of reflection (around neck)
 R - a +3 amulet of reflection
Wands
 h - a wand of digging (11/24)
 v - a wand of iceblast (3/15)
 D - a wand of enslavement (18/24)
 G - a wand of lightning (4/15)
 M - a wand of acid (9/15)
 P - a wand of paralysis (9/24)
Scrolls
 p - a scroll of recharging
 q - 5 scrolls of remove curse
 t - a scroll of enchant armour
 u - 2 scrolls of teleportation
 y - a scroll of amnesia
 C - 2 scrolls of identify
 F - a scroll of fear
 H - 2 scrolls of fog
 Q - a scroll of blinking
 S - a scroll of vulnerability {unknown}
Potions
 d - a potion of might
 e - 4 potions of lignification
 i - 3 potions of resistance
 j - 2 potions of haste
 k - 6 potions of flight
 r - 6 potions of curing
 w - a potion of heal wounds
 z - 3 potions of agility
 A - a potion of invisibility {unknown}
 E - 2 potions of cure mutation
 J - 2 potions of ambrosia
 T - a potion of magic {unknown}
Books
 L - a book of Conjurations

   Spells                             Type                      Level
   a - Magic Dart                     Conjuration                  1
   b - Searing Ray                    Conjuration                  2
   c - Dazzling Spray                 Conjuration/Hexes            3
   d - Fulminant Prism                Conjuration/Hexes            4
   e - Iskenderun's Mystic Blast      Conjuration                  4
   f - Iskenderun's Battlesphere      Conjuration/Charms           5
Comestibles
 a - 11 royal jellies
 f - 11 bread rations
 l - 4 meat rations
 o - a slice of pizza


   Skills:
 + Level 10.4 Fighting
 * Level 17.6 Axes
 + Level 10.3 Armour
 + Level 2.6 Dodging
 - Level 3.6 Shields


You had 11 spell levels left.
You didn't know any spells.

Dungeon Overview and Level Annotations

Branches:
Dungeon (13/15)            Temple (1/1) D:7            Lair (0/6) D:9
    Orc (0/2) D:10
 Vaults: D:13-14

Altars:
Ashenzari
Cheibriados
Dithmenos
Elyvilon
Fedhas
Gozag
Hepliaklqana
Kikubaaqudgha
Makhleb
Nemelex Xobeh
Okawaru
Qazlal
Ru
Sif Muna
Trog
Uskayaw
Vehumet
Xom
Yredelemnul
Zin
The Shining One

Shops:
D:4 *   D:9 =


Innate Abilities, Weirdness & Mutations

You reflexively headbutt those who attack you in melee.
You have a pair of horns on your head.


Message History

* * * LOW HITPOINT WARNING * * *
Unknown command.
Your plate armour "Riemoj" prevents you from hitting the catoblepas.
You headbutt the catoblepas!
The catoblepas is moderately wounded.
Unknown command.
Unknown command.
You slice the catoblepas!!
The catoblepas is severely wounded.
The catoblepas gores you!
* * * LOW HITPOINT WARNING * * *
Unknown command.
Unknown command.
You slash the catoblepas!
The catoblepas is severely wounded.
The catoblepas breathes a plume of calcifying dust at you.
The blast of calcifying dust hits you!
Unknown command.
The catoblepas gores you!!
You die...

#..... . .#
.........##
#...#.#...>
........#
#..#.#..#
#####.......##
#.............
#§Y...#
########@#.#.#
.......<.#.#
.#########.#
.# .# Y# ..


You could see a catoblepas.

Vanquished Creatures
  Gastronok (D:8)
  The ghost of Exporg the Basher, a journeyman TrFi of Trog (D:12)
  Harold (D:12)
  2 tengu warriors (D:11)
  4 hill giants
  Pikel (D:8)
  2 manticores
  A cyclops (D:11)
  2 trolls
  A two-headed ogre (D:8)
  Grinder (D:5)
  A slime creature (D:12)
  A meliai zombie (D:12)
  5 redbacks
  2 wyverns
  A basilisk (D:12)
  A wraith (D:11)
  A hungry ghost (D:10)
  3 yaks (D:10)
  2 vampire mosquitoes (D:12)
  A mottled dragon (D:7)
  A black bear (D:6)
  A slave (D:8)
  6 orc warriors
  2 ogres
  2 phantoms
  A sky beast (D:6)
  A crocodile (D:12)
  A centaur (D:10)
  3 big kobolds
  3 bullfrogs
  A water moccasin zombie (Ossuary)
  2 scorpions
  A wyvern skeleton (D:8)
  9 killer bees
  13 wights
  2 howler monkeys (D:11)
  6 crimson imps
  2 bullfrog zombies
  5 jellies
  2 centaur skeletons
  2 hounds
  9 orc wizards
  7 orc priests
  3 bullfrog skeletons
  3 iguanas
  8 worker ants
  5 big kobold zombies (Ossuary)
  3 mummies
  A hound skeleton (D:5)
  A worker ant zombie (D:5)
  12 adders
  3 shadow imps
  5 oozes (D:12)
  9 adder zombies
  An adder skeleton (D:4)
  2 worms (D:2)
  6 dart slugs
  8 leopard geckos
  27 orcs
  6 giant cockroaches
  2 goblins (D:1)
  9 hobgoblins
  11 jackals
  19 kobolds
  4 quokkas
  3 ball pythons
  7 bats
  3 frilled lizards
  A gnoll zombie (Ossuary)
  6 hobgoblin zombies
  7 kobold zombies
  5 orc zombies (Ossuary)
  A quokka zombie (D:7)
  7 rats
305 creatures vanquished.

Vanquished Creatures (others)
  A slave (D:8)
  A jackal skeleton (D:8)
2 creatures vanquished.

Grand Total: 307 creatures vanquished

Notes
Turn   | Place    | Note
-------+----------+-------------------------------------------
     0 | D:1      | ghjk the Minotaur Fighter began the quest for the Orb.
     0 | D:1      | Reached XP level 1. HP: 19/19 MP: 0/0
   164 | D:1      | Reached XP level 2. HP: 27/27 MP: 1/1
   424 | D:1      | Reached skill level 3 in Axes
   531 | D:1      | Reached XP level 3. HP: 30/33 MP: 2/2
  1087 | D:2      | Reached XP level 4. HP: 32/40 MP: 3/3
  1089 | D:2      | Reached skill level 4 in Axes
  1113 | D:2      | Found a stormy altar of Qazlal.
  2067 | D:4      | Found Yjoehe's Assorted Antiques.
  2101 | D:4      | Reached skill level 5 in Axes
  2101 | D:4      | Reached XP level 5. HP: 43/47 MP: 4/4
  2227 | D:4      | Reached skill level 5 in Armour
  2227 | D:4      | Reached skill level 1 in Dodging
  2378 | D:4      | Reached skill level 6 in Axes
  2414 | D:4      | Reached XP level 6. HP: 53/53 MP: 5/5
  3160 | D:4      | Reached skill level 7 in Axes
  3163 | D:5      | Entered Level 5 of the Dungeon
  3295 | D:5      | Noticed Grinder
  3313 | D:5      | Killed Grinder
  3313 | D:5      | Reached skill level 8 in Axes
  3313 | D:5      | Reached XP level 7. HP: 35/60 MP: 6/6
  3316 | D:5      | Reached skill level 5 in Fighting
  3791 | D:5      | Reached skill level 9 in Axes
  3849 | D:5      | Reached XP level 8. HP: 68/68 MP: 7/7
  4095 | D:5      | Got an ancient plate armour
  4107 | D:5      | Identified the cursed +0 plate armour "Riemoj" {rPois rF+ Dex+2 Slay+3} (You found it on level 5 of the Dungeon)
  4480 | D:6      | Reached skill level 10 in Axes
  4806 | D:6      | Found a sand-covered staircase.
  4813 | Ossuary  | Entered an ossuary
  4831 | Ossuary  | Reached skill level 11 in Axes
  5110 | D:6      | Reached XP level 9. HP: 56/75 MP: 8/8
  5350 | D:6      | Reached skill level 12 in Axes
  5596 | D:7      | Found a staircase to the Ecumenical Temple.
  5670 | Temple   | Entered the Ecumenical Temple
  5865 | Temple   | Became a worshipper of Warmaster Okawaru
  6304 | D:7      | Noticed a hill giant
  6305 | D:7      | Noticed a manticore
  6309 | D:7      | Killed a hill giant
  6309 | D:7      | Reached * piety under Okawaru
  6309 | D:7      | Reached skill level 13 in Axes
  6766 | D:7      | Killed a manticore
  6919 | D:8      | Reached XP level 10. HP: 80/86 MP: 9/9
  7079 | D:8      | Noticed Gastronok
  7090 | D:8      | Killed Gastronok
  7090 | D:8      | Reached ** piety under Okawaru
  7090 | D:8      | Reached *** piety under Okawaru
  7090 | D:8      | Received a gift from Okawaru
  7090 | D:8      | Reached skill level 14 in Axes
  7177 | D:8      | Noticed Pikel
  7198 | D:8      | Killed Pikel
  7198 | D:8      | Reached skill level 15 in Axes
  7361 | D:8      | Reached **** piety under Okawaru
  7711 | D:9      | Noticed a hill giant
  7722 | D:9      | Killed a hill giant
  7946 | D:9      | Found a staircase to the Lair.
  8002 | D:9      | Found Bixa's Jewellery Shop.
  8007 | D:9      | Bought a cursed +5 amulet of reflection for 308 gold pieces
  8357 | D:10     | Entered Level 10 of the Dungeon
  8547 | D:10     | Found a staircase to the Orcish Mines.
  8561 | D:10     | Reached XP level 11. HP: 95/95 MP: 10/10
  8616 | D:10     | Got a brightly glowing ivory amulet
  8618 | D:10     | Identified the amulet "Zoehyjuh" {Inacc rPois rC- Str+3 Dex+6} (You found it on level 10 of the Dungeon)
  8953 | D:10     | Reached skill level 16 in Axes
  9182 | D:11     | Noticed a tengu warrior
  9193 | D:11     | Noticed a tengu warrior
  9198 | D:11     | Killed a tengu warrior
  9208 | D:11     | Killed a tengu warrior
  9208 | D:11     | Reached ***** piety under Okawaru
  9894 | D:12     | Noticed a hill giant
  9935 | D:12     | Noticed Harold
  9941 | D:12     | Killed Harold
  9941 | D:12     | Reached skill level 17 in Axes
  9951 | D:12     | Noticed Exporg's ghost (journeyman TrFi)
  9968 | D:12     | Killed Exporg's ghost
 10147 | D:12     | Killed a hill giant
 10166 | D:12     | Noticed a hill giant
 10176 | D:12     | Killed a hill giant
 10176 | D:12     | Reached skill level 10 in Armour
 10210 | D:12     | Reached skill level 10 in Fighting
 10222 | D:12     | Reached ****** piety under Okawaru
 10235 | D:12     | Received a gift from Okawaru
 10279 | D:12     | Noticed a red ugly thing
 10575 | D:12     | Reached XP level 12. HP: 93/106 MP: 11/11
 10713 | D:13     | Noticed a catoblepas
 10741 | D:13     | Slain by a catoblepas

Skill      XL: |  1  2  3  4  5  6  7  8  9 10 11 |
---------------+----------------------------------+-----
Armour         | 4 5 6 7 9 10 | 10.3
Fighting       | 4 5 6 7 8 10 | 10.4
Axes           | 3 5 6 8 9 11 13 15 17 | 17.6
Dodging        | 1 2 |  2.6
Shields        | |  3.6

Action                   |  1- 3 |  4- 6 |  7- 9 | 10-12 || total
-------------------------+-------+-------+-------+-------++-------
Melee: War axe           |   102 |   162 |   304 |   330 ||   898
       Headbutt          |     9 |    25 |    60 |    84 ||   178
       Battleaxe         |       |       |     2 |       ||     2
  Use: Scroll            |     2 |    10 |    11 |     5 ||    28
       Potion            |       |     1 |     3 |     2 ||     6
  Eat: Chunk             |     1 |     3 |     4 |     5 ||    13
       Bread ration      |       |     1 |       |       ||     1
       Fruit             |       |       |     3 |     2 ||     5
       Pizza             |       |       |     1 |     1 ||     2
       Royal jelly       |       |       |     1 |       ||     1
       Beef jerky        |       |       |     1 |     3 ||     4
Armor: Scale mail        |    68 |    36 |       |       ||   104
       Chain mail        |       |    39 |    29 |       ||    68
       Plate armour      |       |       |   119 |   121 ||   240
Dodge: Dodged            |    35 |    40 |    67 |    79 ||   221
Block: Shield            |    53 |    94 |   117 |       ||   264
       Other             |       |       |       |    34 ||    34
       Reflection        |       |       |       |     1 ||     1
